 Dungeon Crawl Stone Soup version 0.28.0 (webtiles) character file.

Game seed: 16840608366623347574

71 belegose the Skirmisher (level 4, -1/35 HPs)
             Began as a Demonspawn Abyssal Knight on Feb 7, 2022.
             Was a Follower of Lugonu.
             Succumbed to a water moccasin's poison
             ... on level 3 of the Dungeon.
             The game lasted 00:05:32 (3411 turns).

belegose the Skirmisher (Demonspawn Abyssal Knight) Turns: 3411, Time: 00:05:32

Health: -1/35      AC:  5    Str: 14    XL:     4   Next: 5%
Magic:  6/6        EV: 11    Int: 13    God:    Lugonu [*.....]
Gold:   170        SH:  0    Dex: 13    Spells: 3/3 levels left

rFire   + . .      SeeInvis .   k - +0 dagger (venom)
rCold   + . .      Faith    .   (no shield)
rNeg    . . .      Spirit   .   b - +0 leather armour
rPois   +          Reflect  .   (no helmet)
rElec   +          Harm     .   (no cloak)
rCorr   +          Rampage  .   m - +0 pair of gloves
Will    .....                   j - +0 pair of boots
Stlth   +.........              (no amulet)
HPRegen 0.11/turn               c - ring of resist corrosion
MPRegen 0.10/turn               (no ring)

@: mighty, lethally poisoned (-1 -> -9), resistant, attractive
A: hooves 1, powered by pain 2
a: Renounce Religion, Depart the Abyss


You were on level 3 of the Dungeon.
You worshipped Lugonu.
Lugonu was aware of your devotion.
You visited 1 branch of the dungeon, and saw 3 of its levels.
You visited the Abyss 1 time.

You collected 170 gold pieces.

Inventory:

Hand Weapons
 a - a +1 mace
 k - a +0 dagger of venom (weapon)
Missiles
 g - 77 stones
 l - 8 bolts
 o - a boomerang (quivered)
Armour
 b - a +0 leather armour (worn)
 j - a +0 pair of boots (worn)
 m - a +0 pair of gloves (worn)
Jewellery
 c - a ring of resist corrosion (left hand)
 f - a ring of positive energy
Scrolls
 e - a scroll of blinking {unknown}
 n - a scroll of immolation {unknown}
 q - a scroll of amnesia {unknown}
 r - a scroll of noise {unknown}
 s - a scroll of enchant armour {unknown}
 t - a scroll of identify {unknown}
 u - a scroll of teleportation {unknown}
Potions
 i - a potion of curing {unknown}


   Skills:
 + Level 3.5 Fighting
 + Level 0.5 Short Blades
 - Level 2.2 Maces & Flails
 - Level 1.7 Armour
 + Level 1.8 Dodging
 + Level 3.5 Invocations


You had 3 spell levels left.
You didn't know any spells.
Your spell library contained the following spells:

 Spells                   Type           Power      Damage    Failure   Level
 Corpse Rot               Necr/Air       0%         N/A       50%         2
 Dispel Undead            Necr           0%         3d6       98%         4
 Death Channel            Necr           0%         N/A       100%        6


Dungeon Overview and Level Annotations

Branches:
Dungeon (3/15)

Altars:


Innate Abilities, Weirdness & Mutations

You have large cloven feet.
You sometimes gain power by taking damage.


Message History

You hit the water moccasin but do no damage.
The water moccasin closely misses you.
You closely miss the water moccasin. The water moccasin barely misses you.
You hit the water moccasin but do no damage.
The water moccasin is poisoned.
The water moccasin bites you.
The water moccasin bites you but does no damage.
You miss the water moccasin.
The water moccasin is lightly wounded.
The water moccasin bites you!
You are poisoned.
The water moccasin poisons you!
You hit the water moccasin.
The water moccasin is moderately wounded.
You feel sick. The water moccasin bites you.
You are lethally poisoned!
The water moccasin poisons you! The water moccasin barely misses you.
You hit the water moccasin.
The water moccasin is moderately wounded.
You feel very sick. The water moccasin closely misses you.
You hit the water moccasin.
The water moccasin looks as sick as possible!
The water moccasin is heavily wounded.
You feel very sick.
The water moccasin bites you but does no damage.
It was a potion of might.
You feel very mighty all of a sudden.
* * * LOW HITPOINT WARNING * * *
You feel very sick.
The water moccasin bites you but does no damage.
The water moccasin barely misses you.
It was a potion of attraction.
You feel attractive to monsters.
* * * LOW HITPOINT WARNING * * *
You feel very sick. The water moccasin bites you.
* * * LOW HITPOINT WARNING * * *
It was a potion of resistance.
You feel protected.
You die...

#.# #.####...## #.##
..### ##.###
##..#.....####.###
#######........##.......
.........#.#...##.......
##### ######..##..
.##....##. ....# #.##
#.# ###.###. ###.# #S#
## #.# #. #.# #@# #.# #.
#.# #.# ##.###. ###.#
#.# ######...##. ...)###
# #.# #...##......
###...# .# #.#
#.........#. ###...##.#
#.# #...#####.#.
#........# #.# ##.##
#... #........# #.# #.#
##.) #.......## #.# #.#
#..


You could see a water moccasin (extremely poisoned).

Vanquished Creatures
  2 worms
  2 dart slugs
  2 orcs (D:3)
  3 endoplasms
  3 giant cockroaches
  5 hobgoblins
  2 jackals (D:3)
  A quokka (D:1)
  7 ball pythons
  8 bats
  3 frilled lizards
  6 goblins
  5 kobolds
  10 rats
59 creatures vanquished.

Vanquished Creatures (others)
  6 fungi (D:3)
6 creatures vanquished.

Grand Total: 65 creatures vanquished

Notes
Turn   | Place    | Note
-------+----------+-------------------------------------------
     0 | Abyss:1  | belegose the Demonspawn Abyssal Knight began the quest for
                  | the Orb.
     0 | Abyss:1  | Reached XP level 1. HP: 18/18 MP: 2/2
    46 | Abyss:2  | Noticed a large abomination
    48 | Abyss:2  | Noticed an orange demon
    49 | D:1      | Escaped the Abyss
   119 | D:1      | Reached skill level 1 in Dodging
   286 | D:1      | Gained mutation: You have large cloven feet. [demonic
                  | ancestry]
   286 | D:1      | Reached XP level 2. HP: 18/24 MP: 4/4
   408 | D:1      | Reached * piety under Lugonu
   870 | D:1      | Found a faded altar of an unknown god.
   870 | D:1      | Noticed a neqoxec
  1344 | D:2      | Gained mutation: You sometimes gain a little power by
                  | taking damage. [demonic ancestry]
  1344 | D:2      | Reached XP level 3. HP: 18/29 MP: 5/5
  3300 | D:3      | Gained mutation: You sometimes gain power by taking damage.
                  | [demonic ancestry]
  3300 | D:3      | Reached XP level 4. HP: 32/35 MP: 6/6
  3391 | D:3      | Noticed a water moccasin
  3410 | D:3      | HP: 1/35 [water moccasin (4)]
  3411 | D:3      | Succumbed to a water moccasin's poison

Illustrated notes

Levels and vault maps discovered:
D:1:      nicolae_arrival_washed_ashore, layout_basic,
          dreamdust_ecumenical_altar_sealed_demon, hangedman_decor_points
D:2:      layout_basic
D:3:      layout_loops_ring, minmay_shallow_snake_nest

Skill      XL: |  1  2 |
---------------+-------+-----
Dodging        | 1 |  1.8
Maces & Flails | 2 |  2.2
Invocations    | 3 |  3.5
Fighting       | |  3.5
Short Blades   | |  0.5
Armour         | |  1.7

Action                   |  1- 3 |  4- 6 || total
-------------------------+-------+-------++-------
Melee: Mace              |   101 |       ||   101
       Kick              |    20 |       ||    20
       Dagger            |    61 |    21 ||    82
       Punch             |     1 |       ||     1
Throw: Stone             |     1 |       ||     1
       Boomerang         |       |     2 ||     2
Invok: Depart the Abyss  |     1 |       ||     1
  Use: Potion            |       |     3 ||     3
 Stab: Sleeping          |     1 |       ||     1
Armor: Leather armour    |    37 |    12 ||    49
Dodge: Dodged            |   104 |    15 ||   119
